AoeStats
← FJL

Golden Pit

510027090Analyzed
1v1 RM · 4d ago on Sep 29, 2026· 32m 30s· 2 players
Game mode
Random Map
Map size
Tiny (2 player)
Population
200
Speed
Normal
Resources
Standard
Victory
Conquest
Starting age
Dark Age
Ending age
Imperial Age
RankedLock teamsTeams togetherTeam positionsShared explorationLock speedFull tech treeHidden civsTurbo modeCheats
Victory
Defeat
🇵🇪 Franks · Peru
1838
+16
🇦🇷 Tatars · Argentina
1835
-16
FJL
5:50 Loom
8:34 Feudal Age
9:15 Double-Bit Axe
13:28 Horse Collar
19:35 Castle Age
18:22 Gold Mining
18:35 Fletching
18:57 Bloodlines
21:35 Bodkin Arrow
22:36 Husbandry
29:05 Ballistics
LE | Dia franptom
6:47 Loom
9:22 Feudal Age
9:54 Double-Bit Axe
10:13 Man-at-Arms
19:50 Castle Age
18:57 Forging
18:50 Scale Mail Armor
20:05 Pikeman
20:07 Light Cavalry
22:34 Chain Mail Armor
24:08 Wheelbarrow
26:07 Scale Barding Armor
27:09 Fletching
29:09 Bodkin Arrow
29:30 Padded Archer Armor
29:12 Elite Skirmisher
32:03 Bow Saw
Connection lost

Rejoining the realm…

Still unreachable

The connection could not be restored.

Session expired

The server has moved on; the page needs a fresh start.